 Dungeon Crawl Stone Soup version 0.21.3-3-g218456f21e (webtiles) character file.

3054 ReteAZ the Reanimator (level 9, -1/66 HPs)
             Began as a Gnoll Necromancer on Aug 20, 2020.
             Was a Believer of Cheibriados.
             Slain by a hog (5 damage)
             ... on level 7 of the Dungeon on Aug 21, 2020.
             The game lasted 00:24:12 (11166 turns).

ReteAZ the Reanimator (Gnoll Necromancer)          Turns: 11166, Time: 00:24:12

Health: -1/66      AC:  3    Str: 15    XL:     9   Next: 87%
Magic:  5/19       EV: 17    Int: 26    God:    Cheibriados [**....]
Gold:   411        SH:  0    Dex: 21    Spells: 4/21 levels left

rFire    . . .     SeeInvis .   b - +2 whip (freeze)
rCold    . . .     Gourm    .   (no shield)
rNeg     . . .     Faith    .   y - +0 robe
rPois    .         Spirit   .   (no helmet)
rElec    .         Reflect  .   D - +0 cloak
rCorr    .         Harm     .   (no gloves)
MR       .....                  (no boots)
Stlth    ++++......             (no amulet)
HPRegen  0.21/turn              (no ring)
MPRegen  0.16/turn              (no ring)

@: very slow
A: distributed training, fangs 1, strong nose
a: Bend Time, Renounce Religion


You were on level 7 of the Dungeon.
You worshipped Cheibriados.
Cheibriados was pleased with you.
You were hungry.

You visited 2 branches of the dungeon, and saw 8 of its levels.

You collected 411 gold pieces.

Inventory:

Hand Weapons
 a - a +0 blowgun
 b - a +2 whip of freezing (weapon)
 F - a +0 spear
 G - a +1 trident of holy wrath
 J - a +0 falchion
Missiles
 x - 12 poisoned needles
 I - 5 needles of confusion
Armour
 m - a +0 crystal plate armour
 y - a +0 robe (worn)
 D - a +0 cloak (worn)
Wands
 w - a wand of enslavement (15)
 B - a wand of iceblast (14)
 H - a wand of scattershot (5)
Scrolls
 d - 8 scrolls of identify {unknown}
 e - a scroll of blinking {unknown}
 f - 2 scrolls of fear {unknown}
 i - 4 scrolls of remove curse {unknown}
 j - 2 scrolls of fog {unknown}
 k - 2 scrolls of enchant weapon {unknown}
 n - a scroll of enchant armour {unknown}
 p - 2 scrolls of immolation {unknown}
 q - 4 scrolls of noise {unknown}
 t - 2 scrolls of teleportation {unknown}
 v - 2 scrolls of amnesia {unknown}
 A - 2 scrolls of magic mapping {unknown}
Potions
 g - 3 potions of heal wounds {unknown}
 h - 3 potions of curing {unknown}
 l - 2 potions of degeneration {unknown}
 o - 3 potions of haste
 r - a potion of berserk rage {unknown}
 s - a potion of lignification {unknown}
 u - a potion of might {unknown}
 C - a potion of magic {unknown}
 E - 3 potions of agility {unknown}
Books
 z - a book of Necromancy

   Spells                             Type                      Level
   a - Pain                           Necromancy                   1
   b - Animate Skeleton               Necromancy                   1
   c - Vampiric Draining              Necromancy                   3
   d - Regeneration                   Charms/Necromancy            3
   e - Animate Dead                   Necromancy                   4
   f - Borgnjor's Vile Clutch         Necromancy/Earth             5
Comestibles
 c - 10 rations
 K - a chunk of flesh


   Skills:
 + Level 4.5 Fighting
 + Level 4.5 Short Blades
 + Level 4.5 Long Blades
 + Level 4.5 Axes
 + Level 4.5 Maces & Flails
 + Level 4.5 Polearms
 + Level 4.5 Staves
 + Level 4.5 Slings
 + Level 4.5 Bows
 + Level 4.5 Crossbows
 + Level 4.5 Throwing
 + Level 4.5 Armour
 + Level 6.5 Dodging
 + Level 6.3 Stealth
 + Level 4.5 Shields
 + Level 4.5 Unarmed Combat
 + Level 6.8 Spellcasting
 + Level 3.8 Conjurations
 + Level 3.8 Hexes
 + Level 3.8 Charms
 + Level 3.8 Summonings
 + Level 8.1 Necromancy
 + Level 3.8 Translocations
 + Level 3.8 Transmutations
 + Level 3.8 Fire Magic
 + Level 3.8 Ice Magic
 + Level 3.8 Air Magic
 + Level 3.8 Earth Magic
 + Level 3.8 Poison Magic
 + Level 5.0 Invocations
 + Level 4.5 Evocations


You had 4 spell levels left.
You knew the following spells:

 Your Spells              Type           Power        Failure   Level  Hunger
a - Pain                  Necr           ####         1%          1    None
b - Animate Skeleton      Necr           N/A          1%          1    None
c - Vampiric Draining     Necr           ######....   1%          3    None
d - Regeneration          Chrm/Necr      #####.....   1%          3    None
e - Animate Dead          Necr           N/A          2%          4    ###....
f - Borgnjor's Vile Clut  Necr/Erth      #####.....   16%         5    #####..


Dungeon Overview and Level Annotations

Branches:
Dungeon (7/15)             Temple (1/1) D:5

Altars:
Cheibriados
Dithmenos
Gozag
Qazlal
Ru
Vehumet
Wu Jian

Shops:
D:4 *   D:6 [   D:7 *

Annotations:
D:4 ReteAZ's ghost, amateur GnNe
D:5 Xiguana's ghost, novice BaAE


Innate Abilities, Weirdness & Mutations

Your experience applies equally to all skills.
You have very sharp teeth.
Your uncanny sense of smell can sniff out nearby items.


Message History

Casting: Pain
Confirm with . or Enter, or press ? or * to list all spells.
Aiming: Pain
Press: ? - help, Shift-Dir - straight line, f/p - hog
Aim: a hog (almost dead, chance to defeat MR: 84%)
The hog writhes in agony!
You kill the hog!
Cheibriados thoroughly appreciates the change of pace.
The hog bites you!
* * * LOW HITPOINT WARNING * * *
Okay, then.
Unknown command.
The flow of time bends around you.
Cheibriados rebukes the hog.
The hog seems to slow down.
You are feeling hungry.
The hog bites you!
* * * LOW HITPOINT WARNING * * *
The hog bites you.
You die...

............# #.#.#.###..(##
.#..###.###.#####.#.#.....(#.###
#.. #..............###.(∩..(..
##.###.###.#####....[..(((#.###
#.##.....###.#######..####...##
#.....................(.######
###......###########.)#.#
#.#.#..# #########..#(# #.#.#..#
#....@hp†..#(#
#.#.#..###.########.#.#
#.#.#......# ##...#.#
#.#.###.#### #...p..# #.#......#
#......# #.#####..# #.....##
#.#####..## ##...## #.........#
#...)# #.#####...# #....#


You could see a hog and a human.

Vanquished Creatures
  Joseph (D:7)
  2 hippogriffs (D:7)
  A hog (D:7)
  An orc warrior (D:6)
  2 ice beasts
  A phantom (D:6)
  An ogre (D:6)
  A centaur (D:7)
  5 bullfrogs
  2 scorpions (D:6)
  11 killer bees (D:7)
  3 crimson imps (D:6)
  An orc priest (D:7)
  6 hounds
  A gnoll shaman (D:4)
  An iguana (D:5)
  An orc wizard (D:7)
  Ijyb (D:5)
  5 worker ants
  2 worker ant zombies (D:5)
  A howler monkey zombie (D:5)
  7 gnolls
  7 adders
  2 oozes (D:1)
  An adder skeleton (D:6)
  2 worms
  4 leopard geckos
  14 orcs
  5 bats
  8 giant cockroaches
  7 goblins
  8 hobgoblins
  6 jackals
  6 kobolds
  3 quokkas
  4 ball pythons
  A ball python zombie (D:5)
  3 frilled lizards
  A leopard gecko skeleton (D:5)
  2 quokka skeletons
  12 rats
153 creatures vanquished.

Vanquished Creatures (collateral kills)
  Menkaure (D:7)
  A hound skeleton (D:5)
  A gnoll (D:4)
  A shadow imp (D:6)
  A jackal (D:4)
  A quokka skeleton (D:4)
6 creatures vanquished.

Grand Total: 159 creatures vanquished

Notes
Turn   | Place    | Note
-------+----------+-------------------------------------------
     0 | D:1      | ReteAZ the Gnoll Necromancer began the quest for the Orb.
     0 | D:1      | Reached XP level 1. HP: 13/13 MP: 6/6
    56 | D:1      | Learned a level 1 spell: Animate Skeleton
   258 | D:1      | Reached XP level 2. HP: 18/19 MP: 3/7
   686 | D:1      | Reached XP level 3. HP: 22/25 MP: 3/9
   792 | D:1      | Reached skill level 5 in Spellcasting
  1220 | D:2      | Reached skill level 1 in Invocations
  1404 | D:2      | Reached skill level 1 in Fighting
  1404 | D:2      | Reached skill level 1 in Short Blades
  1404 | D:2      | Reached skill level 1 in Long Blades
  1404 | D:2      | Reached skill level 1 in Axes
  1404 | D:2      | Reached skill level 1 in Maces & Flails
  1404 | D:2      | Reached skill level 1 in Polearms
  1404 | D:2      | Reached skill level 1 in Staves
  1404 | D:2      | Reached skill level 1 in Slings
  1404 | D:2      | Reached skill level 1 in Bows
  1404 | D:2      | Reached skill level 1 in Crossbows
  1404 | D:2      | Reached skill level 1 in Throwing
  1404 | D:2      | Reached skill level 1 in Armour
  1404 | D:2      | Reached skill level 1 in Shields
  1404 | D:2      | Reached skill level 1 in Unarmed Combat
  1404 | D:2      | Reached skill level 1 in Evocations
  1590 | D:2      | Reached XP level 4. HP: 30/32 MP: 7/11
  2118 | D:2      | Learned a level 3 spell: Vampiric Draining
  2339 | D:3      | Reached skill level 1 in Conjurations
  2339 | D:3      | Reached skill level 1 in Hexes
  2339 | D:3      | Reached skill level 1 in Charms
  2339 | D:3      | Reached skill level 1 in Summonings
  2339 | D:3      | Reached skill level 1 in Translocations
  2339 | D:3      | Reached skill level 1 in Transmutations
  2339 | D:3      | Reached skill level 1 in Fire Magic
  2339 | D:3      | Reached skill level 1 in Ice Magic
  2339 | D:3      | Reached skill level 1 in Air Magic
  2339 | D:3      | Reached skill level 1 in Earth Magic
  2339 | D:3      | Reached skill level 1 in Poison Magic
  2339 | D:3      | Reached XP level 5. HP: 34/37 MP: 7/12
  2781 | D:4      | Noticed ReteAZ's ghost (amateur GnNe)
  2922 | D:4      | Found Gozag's Platinum Reserve.
  3526 | D:4      | Noticed an ice beast
  3542 | D:4      | Killed an ice beast
  3542 | D:4      | Reached XP level 6. HP: 15/44 MP: 5/14
  3612 | D:4      | Reached skill level 5 in Dodging
  3952 | D:4      | Found a sacrificial altar of Ru.
  4060 | D:4      | Found an opulent altar of Gozag.
  4168 | D:5      | Entered Level 5 of the Dungeon
  4203 | D:5      | Noticed Ijyb
  4213 | D:5      | Killed Ijyb
  4559 | D:5      | Noticed Xiguana's ghost (novice BaAE)
  4927 | D:4      | Reached XP level 7. HP: 39/50 MP: 10/15
  5070 | D:5      | Found a staircase to the Ecumenical Temple.
  5080 | Temple   | Entered the Ecumenical Temple
  5085 | Temple   | Became a worshipper of Cheibriados the Contemplative
  6319 | D:6      | Reached skill level 5 in Stealth
  6577 | D:6      | Found Figair's Antique Armour Shoppe.
  6599 | D:6      | Learned a level 3 spell: Regeneration
  6607 | D:6      | Reached XP level 8. HP: 38/57 MP: 8/16
  7602 | D:6      | Found a stormy altar of Qazlal.
  7819 | D:6      | Reached * piety under Cheibriados
  8512 | D:7      | Noticed Menkaure
  8522 | D:7      | Learned a level 4 spell: Animate Dead
  8528 | D:7      | Learned a level 5 spell: Borgnjor's Vile Clutch
  9262 | D:7      | Killed Menkaure
  9262 | D:7      | Reached XP level 9. HP: 34/65 MP: 18/18
  9945 | D:7      | Reached ** piety under Cheibriados
  9986 | D:7      | Found Der Vud's General Store.
 10485 | D:7      | Reached skill level 8 in Necromancy
 10990 | D:7      | Noticed Joseph
 11015 | D:7      | Killed Joseph
 11062 | D:7      | Reached skill level 5 in Invocations
 11165 | D:7      | HP: 3/66 [hog (13)]
 11166 | D:7      | Slain by a hog

Skill      XL: |  1  2  3  4  5  6  7  8  9 |
---------------+----------------------------+-----
Spellcasting   | 5 6 |  6.8
Invocations    | 1 2 3 4 5 |  5.0
Fighting       | 1 2 3 4 |  4.5
Short Blades   | 1 2 3 4 |  4.5
Long Blades    | 1 2 3 4 |  4.5
Axes           | 1 2 3 4 |  4.5
Maces & Flails | 1 2 3 4 |  4.5
Polearms       | 1 2 3 4 |  4.5
Staves         | 1 2 3 4 |  4.5
Slings         | 1 2 3 4 |  4.5
Bows           | 1 2 3 4 |  4.5
Crossbows      | 1 2 3 4 |  4.5
Throwing       | 1 2 3 4 |  4.5
Armour         | 1 2 3 4 |  4.5
Shields        | 1 2 3 4 |  4.5
Unarmed Combat | 1 2 3 4 |  4.5
Evocations     | 1 2 3 4 |  4.5
Conjurations   | 1 2 3 |  3.8
Hexes          | 1 2 3 |  3.8
Charms         | 1 2 3 |  3.8
Summonings     | 1 2 3 |  3.8
Translocations | 1 2 3 |  3.8
Transmutations | 1 2 3 |  3.8
Fire Magic     | 1 2 3 |  3.8
Ice Magic      | 1 2 3 |  3.8
Air Magic      | 1 2 3 |  3.8
Earth Magic    | 1 2 3 |  3.8
Poison Magic   | 1 2 3 |  3.8
Dodging        | 5 6 |  6.5
Stealth        | 5 6 |  6.3
Necromancy     | 8 |  8.1

Action                   |  1- 3 |  4- 6 |  7- 9 || total
-------------------------+-------+-------+-------++-------
Melee: Unarmed           |     1 |       |       ||     1
       Blowgun           |       |    10 |       ||    10
       Falchion          |       |     3 |   333 ||   336
       Bite              |       |     1 |    63 ||    64
       Punch             |       |       |     8 ||     8
       Spear             |       |       |    96 ||    96
       Whip              |       |       |    43 ||    43
 Fire: Blowgun           |       |    16 |    24 ||    40
 Cast: Pain              |    58 |   101 |   169 ||   328
       Animate Skeleton  |     7 |     7 |     9 ||    23
       Vampiric Draining |       |     1 |    13 ||    14
       Regeneration      |       |       |     8 ||     8
       Animate Dead      |       |       |     9 ||     9
Invok: Bend Time         |       |       |     1 ||     1
 Stab: Distracted        |       |     1 |     1 ||     2
       Sleeping          |       |       |     9 ||     9
  Eat: Chunk             |     2 |    10 |     9 ||    21
       Ration            |       |       |     2 ||     2
Armor: Robe              |     2 |    10 |    78 ||    90
Dodge: Dodged            |     7 |    62 |   492 ||   561
       Rpst.: Falchion   |       |     1 |    75 ||    76
